 Dungeon Crawl Stone Soup version 0.20-a0-972-gb9bd3e6 (webtiles) character file.

126668 Monsterrace the Executioner (level 16, -2/157 HPs)
             Began as a Minotaur Berserker on Apr 10, 2017.
             Was a High Priest of Trog.
             Killed from afar by a thorn hunter (17 damage)
             ... with a volley of thorns
             ... on level 3 of the Swamp.
             The game lasted 01:27:37 (28294 turns).

Monsterrace the Executioner (Minotaur Berserker)   Turns: 28294, Time: 01:27:38

Health: -2/157     AC: 28    Str: 28    XL:     16   Next: 44%
Magic:  17/17      EV: 10    Int:  8    God:    Trog [*****.]
Gold:   924        SH:  2    Dex: 15    Spells: 15/15 levels left

rFire    + . .     SeeInvis +   o - +3 whip of Articulation {protect, rPois MR+}
rCold    + + .     Gourm    .   (no shield)
rNeg     . . .     Faith    .   p - +4 plate armour "Kemuolad" {rPois Str+4 Int+4}
rPois    +         Spirit   .   (helmet restricted)
rElec    .         Reflect  +   Q - scarf {rC+}
rCorr    +         Harm     .   C - +1 pair of gloves "Miner" {rF+ SInv Stlth+}
MR       ++++.                  f - +2 pair of boots
Stlth    ..........             L - +2 amulet of reflection
Regen    1.4/turn               q - ring of resist corrosion
MPRegen  0.2/turn               z - ring of protection from cold

@: exhausted, regenerating, slowed, very slow
A: retaliatory headbutt, horns 2, shaggy fur 1
a: Berserk, Trog's Hand, Brothers in Arms, Burn Spellbooks, Renounce Religion


You were on level 3 of the Swamp.
You worshipped Trog.
Trog was extremely pleased with you.
You were very hungry.

You visited 4 branches of the dungeon, and saw 26 of its levels.

You collected 2558 gold pieces.
You spent 1634 gold pieces at shops.

Inventory:

Hand Weapons
 o - the +3 whip of Articulation (weapon) {protect, rPois MR+}
   (You found it on level 3 of the Lair of Beasts)

   It protects the one who uses it against injury (+AC on strike).
   It protects you from poison.
   It affects your resistance to hostile enchantments.
 x - the +7 battleaxe "Kompenif" {protect, Str+3}
   (You bought it in a shop on level 2 of the Orcish Mines)

   It protects the one who uses it against injury (+AC on strike).
   It affects your strength (+3).
 I - the +4 trident "Ficlutast" {antimagic, rC+ MP+9 Int+4}
   (You found it on level 1 of the Lair of Beasts)

   It reduces the magical energy of the wielder, and disrupts the spells and
   magical abilities of those hit.
   Natural abilities and divine invocations are not affected.
   It affects your intelligence (+4).
   It protects you from cold.
   It affects your magic capacity (+9).
 T - a +4 executioner's axe of chopping
Armour
 f - a +2 pair of boots (worn)
 p - the +4 plate armour "Kemuolad" (worn) {rPois Str+4 Int+4}
   (You bought it in a shop on level 11 of the Dungeon)

   It affects your strength (+4).
   It affects your intelligence (+4).
   It protects you from poison.
 C - the +1 pair of gloves "Miner" (worn) {rF+ SInv Stlth+}
   (You bought it in a shop on level 2 of the Orcish Mines)

   It protects you from fire.
   It lets you see invisible.
   It makes you more stealthy.
 Q - a scarf of cold resistance (worn)
 S - a +3 ring mail of positive energy
 V - the +3 leather armour of Insecurity {+Inv Int+3}
   (You found it on level 6 of the Lair of Beasts)

   It affects your intelligence (+3).
   It lets you turn invisible.
Jewellery
 a - an uncursed ring of flight
 q - a ring of resist corrosion (left hand)
 z - a ring of protection from cold (right hand)
 A - an uncursed ring of poison resistance
 L - a +2 amulet of reflection (around neck)
Wands
 b - a wand of polymorph (10/24)
 u - a wand of iceblast (3/15)
 v - a wand of lightning (1/15)
 y - a wand of paralysis (14/24)
 J - a wand of iceblast (1/15)
 P - a wand of paralysis (10/24)
 U - a wand of clouds (2/9)
Scrolls
 d - 26 scrolls of identify
 e - 7 scrolls of fear
 g - 15 scrolls of remove curse
 s - 3 scrolls of recharging
 t - 3 scrolls of fog
 B - 4 scrolls of teleportation
 D - 2 scrolls of magic mapping
 F - 3 scrolls of blinking
 G - 2 scrolls of holy word
 N - 2 scrolls of summoning
 R - 2 scrolls of enchant armour
Potions
 h - 4 potions of agility
 i - 9 potions of curing
 j - 2 potions of heal wounds
 k - 5 potions of might
 l - a potion of magic
 w - 3 potions of flight
 E - 3 potions of brilliance
 H - 5 potions of ambrosia
 K - a potion of haste
 M - a potion of resistance
Comestibles
 c - 15 bread rations
 m - 14 meat rations
 r - 13 royal jellies
 O - 13 fruits


   Skills:
 + Level 17.9 Fighting
 * Level 22.3(22.4) Axes
 - Level 4.2(15.7) Polearms
 + Level 16.4 Armour
 + Level 3.2 Dodging
 - Level 3.3 Evocations


You had 15 spell levels left.
You didn't know any spells.

Dungeon Overview and Level Annotations

Branches:
Dungeon (14/15)            Temple (0/1) D:6            Lair (6/6) D:11
  Swamp (4/4) Lair:4        Snake (0/4) Lair:2        Slime (0/5) Lair:5
    Orc (2/2) D:9             Elf (0/3) Orc:2        Vaults (0/5) D:14

Altars:
Cheibriados
Fedhas
Gozag
Makhleb
Nemelex Xobeh
Qazlal
Ru
Trog
Uskayaw
Xom
Zin
Beogh
Jiyva

Shops:
D:11 *   D:14 (   Orc:2 (=[*%

Annotations:
D:10 Sonja


Innate Abilities, Weirdness & Mutations

You reflexively headbutt those who attack you in melee.
You have a pair of horns on your head.
You are covered in fur. (AC +1)


Message History

The briar patch is severely damaged.
The thorn hunter fires a volley of thorns at you.
The volley of thorns hits you!
You hit the briar patch.
The briar patch is almost destroyed.
The thorn hunter fires a volley of thorns at you.
The volley of thorns hits you!
* * * LOW HITPOINT WARNING * * *
You feel much better.
The thorn hunter fires a volley of thorns at you.
The volley of thorns hits you!
* * * LOW HITPOINT WARNING * * *
The thorn hunter fires a volley of thorns at you.
The volley of thorns hits you!
You hit the briar patch but do no damage.
You headbutt the briar patch.
The briar patch is almost destroyed.
The thorn hunter fires a volley of thorns at you.
The volley of thorns hits you!
You die...

♣♣≈≈≈≈..≈≈.≈♣♣♣♣♣♣♣≈≈.≈§≈.≈≈..
♣..≈≈....≈.♣♣.♣♣♣♣♣♣♣.≈≈§≈.♣..
♣♣...≈♣[.≈≈..≈...^♣♣.♣.≈≈≈...#
♣♣.♣♣.≈....[≈≈.≈≈≈≈≈.§≈≈≈≈...#
♣...♣.≈≈≈.....≈≈...≈≈≈♣...≈...
♣♣.≈.♣≈≈§§...≈≈P≈...≈≈≈≈≈.≈≈..#
♣.≈≈≈♣.≈.≈≈.≈≈≈PP≈♣.≈≈≈.≈≈.....
♣♣..≈♣≈♣≈...≈≈♣PP...≈≈≈≈≈...♣..
♣≈.♣♣♣≈♣≈≈§>..@Pf...≈≈......♣##
♣♣♣≈♣♣♣.♣♣≈≈..≈≈.P.<...≈≈.....#
♣.♣.♣♣..♣.....≈≈≈PP≈♣..≈≈..♣≈.#
≈...♣♣.♣♣.....≈≈≈P≈≈≈..≈≈≈≈.≈.###
♣≈≈.♣..♣♣....≈≈...≈♣≈≈≈≈≈♣..≈♣♣#.
≈≈≈.≈≈♣♣♣...♣≈♣.≈♣≈≈≈≈≈♣≈♣...≈♣..
≈≈≈.≈≈♣♣..≈♣♣♣..≈≈≈.≈≈≈≈≈≈...≈♣♣♣
≈≈≈≈≈≈.♣.≈≈♣ ♣♣≈≈≈≈.≈≈≈≈≈♣..≈.♣
≈.≈≈..♣♣..≈♣ ♣♣..≈.≈≈≈≈≈..§≈.♣


You could see a thorn hunter.

Vanquished Creatures
  3 thorn hunters (Swamp:3)
  Roxanne (Swamp:3)
  An orc warlord (Orc:2)
  Aizul (Swamp:4)
  An emperor scorpion (Lair:3)
  A minotaur (Lair:2)
  A fire dragon (D:14)
  Fannar (D:10)
  2 vault guards (D:14)
  Harold (Lair:3)
  13 hydras
  A death knight (D:12)
  A ghost crab (Swamp:2)
  2 catoblepae (Lair:6)
  6 alligators
  Erica (D:10)
  4 two-headed ogres
  2 centaur warriors (D:13)
  3 orc high priests (Orc:2)
  9 death yaks
  3 spriggans
  A skeletal warrior (D:13)
  A spriggan druid (Swamp:3)
  5 swamp dragons (Swamp:4)
  2 wizards (D:14)
  2 unseen horrors
  3 shambling mangroves
  Pikel (D:5)
  3 necromancers (D:14)
  2 lindwurms (Swamp:4)
  A wolf spider zombie (D:14)
  3 ugly things (D:14)
  2 orc knights
  A lindwurm (shapeshifter) (D:14)
  4 orc sorcerers (Orc:2)
  A deep elf mage (D:13)
  2 cyclopes (D:14)
  7 elephants (Lair:6)
  Maurice (D:11)
  7 black mambas
  22 spiny frogs
  2 gargoyles
  9 komodo dragons
  4 rime drakes
  A kobold demonologist (D:14)
  2 freezing wraiths
  3 polar bears
  9 hornets
  8 tyrant leeches
  Prince Ribbit (D:6)
  9 trolls
  21 blink frogs
  9 bog bodies
  3 hippogriffs
  2 slime creatures (Swamp:1)
  5 dream sheep (Lair:5)
  A shadow (Swamp:1)
  2 wraiths (D:13)
  52 yaks
  2 wyverns
  19 humans (D:14)
  3 basilisks
  3 fire elementals (D:13)
  20 vampire mosquitoes
  Grum (D:8)
  Menkaure (D:7)
  9 swamp worms
  2 wargs
  2 acid dragons (D:12)
  20 insubstantial wisps
  A soldier ant (D:11)
  4 porcupines
  20 water moccasins
  4 hell hounds
  A meliai simulacrum (D:14)
  34 orc warriors
  6 swamp drakes
  3 sky beasts
  An eye of draining (D:12)
  A slave (D:5)
  A black bear (Lair:3)
  2 phantoms
  5 ice beasts
  21 wolves
  9 ogres
  A necrophage (D:11)
  7 centaurs
  18 crocodiles
  16 bullfrogs
  3 big kobolds
  A wyvern skeleton (D:14)
  A hornet simulacrum (D:14)
  8 scorpions
  5 wights (D:7)
  5 howler monkeys
  4 crimson imps
  3 centaur zombies
  A bullfrog zombie (D:10)
  7 hounds
  5 jellies
  16 orc priests
  Crazy Yiuf (D:6)
  3 centaur skeletons
  17 orc wizards
  Jessica (D:3)
  A bullfrog skeleton (D:8)
  3 iguanas
  2 hell rats (Lair:6)
  10 worker ants
  A killer bee zombie (D:8)
  A hound skeleton (D:9)
  A worker ant zombie (D:10)
  22 adders
  8 river rats (Lair:6)
  2 shadow imps
  An ooze (D:5)
  An adder skeleton (D:8)
  5 worms
  A dart slug (D:3)
  8 leopard geckos
  69 orcs
  18 bats
  12 giant cockroaches (D:2)
  5 goblins
  12 hobgoblins
  11 jackals
  4 quokkas
  3 frilled lizards
  A jackal skeleton (D:4)
  A jackal zombie (D:7)
  19 kobolds
  A quokka zombie (D:6)
  3 rats
  A briar patch (Swamp:3)
  4 fungi
  2 plants
823 creatures vanquished.

Vanquished Creatures (collateral kills)
  Azrael (D:13)
  A hydra (Swamp:4)
  A deep troll shaman (Lair:6)
  A death yak (Lair:6)
  Nergalle (Lair:2)
  4 orc knights (Orc:2)
  A fire elemental (D:13)
  A warg (Orc:2)
  A water moccasin (Lair:6)
  15 orc warriors
  2 wolves
  A centaur (D:10)
  8 orc priests
  10 orc wizards
  A gnoll shaman (Orc:2)
  3 gnolls (Orc:2)
  22 orcs
  A kobold (D:13)
75 creatures vanquished.

Vanquished Creatures (others)
  Eustachio (D:5)
  A swamp worm (Swamp:3)
  An orc warrior (D:8)
  An orc priest (D:8)
  A worker ant (D:13)
  3 orcs (D:8)
  A giant cockroach zombie (D:5)
  A quokka skeleton (D:5)
  6 briar patches
  10 fungi
  7 plants
33 creatures vanquished.

Grand Total: 931 creatures vanquished

Notes
Turn   | Place    | Note
-------+----------+-------------------------------------------
     0 | D:1      | Monsterrace the Minotaur Berserker began the quest for the Orb.
     0 | D:1      | Reached XP level 1. HP: 19/19 MP: 0/0
     3 | D:1      | Noticed an electric eel
     3 | D:1      | Noticed an electric eel
   138 | D:1      | Reached skill level 4 in Axes
   204 | D:1      | Reached XP level 2. HP: 23/26 MP: 1/1
   425 | D:1      | Gained mutation: Your spells are a little easier to cast, but a little less powerful. [potion of mutation]
   425 | D:1      | Gained mutation: You are covered in fur. (AC +1) [potion of mutation]
   425 | D:1      | Lost mutation: Your spells are a little easier to cast, but a little less powerful. [potion of mutation]
   738 | D:2      | Reached skill level 5 in Axes
   738 | D:2      | Reached XP level 3. HP: 31/31 MP: 2/2
  1057 | D:2      | Found a snail-covered altar of Cheibriados.
  1135 | D:2      | Reached XP level 4. HP: 39/39 MP: 3/3
  1136 | D:2      | Reached ** piety under Trog
  1136 | D:2      | Reached skill level 6 in Axes
  1572 | D:3      | Noticed Jessica
  1576 | D:3      | Killed Jessica
  1576 | D:3      | Reached skill level 7 in Axes
  1576 | D:3      | Reached XP level 5. HP: 45/45 MP: 4/4
  1616 | D:3      | Found a faded altar of an unknown god.
  1895 | D:4      | Noticed a centaur
  1904 | D:4      | Killed a centaur
  1904 | D:4      | Reached *** piety under Trog
  1904 | D:4      | Reached skill level 8 in Axes
  1904 | D:4      | Reached XP level 6. HP: 51/51 MP: 5/5
  2393 | D:5      | Entered Level 5 of the Dungeon
  2506 | D:5      | Noticed a slave
  2507 | D:5      | Noticed a slave
  2508 | D:5      | Noticed Pikel
  2508 | D:5      | Noticed a slave
  2508 | D:5      | Noticed a slave
  2511 | D:5      | Noticed Eustachio
  2514 | D:5      | Killed a slave
  2515 | D:5      | Killed Pikel
  2515 | D:5      | Reached skill level 9 in Axes
  2515 | D:5      | Reached XP level 7. HP: 57/57 MP: 5/8
  2550 | D:5      | Killed Eustachio
  2550 | D:5      | Reached skill level 10 in Axes
  2665 | D:5      | Found a blossoming altar of Fedhas.
  2871 | D:5      | Reached XP level 8. HP: 66/66 MP: 9/9
  2959 | D:5      | Found a shimmering altar of Xom.
  2961 | D:5      | Found a hazy altar of Hepliaklqana.
  2961 | D:5      | Found a bloodstained altar of Trog.
  2973 | D:5      | Found a sparkling altar of Nemelex Xobeh.
  2973 | D:5      | Found a glowing silver altar of Zin.
  2973 | D:5      | Found a hide-covered altar of Uskayaw.
  3296 | D:6      | Found a staircase to the Ecumenical Temple.
  3313 | D:6      | Noticed Prince Ribbit
  3328 | D:6      | Killed Prince Ribbit
  3328 | D:6      | Reached skill level 11 in Axes
  3378 | D:6      | Reached skill level 5 in Fighting
  3440 | D:6      | Reached **** piety under Trog
  3538 | D:6      | Found a hide-covered altar of Uskayaw.
  3884 | D:6      | Reached skill level 5 in Armour
  4056 | D:6      | Found a runed door.
  4060 | D:6      | Noticed Crazy Yiuf
  4063 | D:6      | Killed Crazy Yiuf
  4063 | D:6      | Reached XP level 9. HP: 74/74 MP: 10/10
  4276 | D:6      | Reached skill level 12 in Axes
  5020 | D:7      | Found a sacrificial altar of Ru.
  5052 | D:7      | Reached skill level 13 in Axes
  5161 | D:7      | Noticed Menkaure
  5167 | D:7      | Killed Menkaure
  5571 | D:8      | Reached ***** piety under Trog
  5573 | D:8      | Noticed an angel
  5573 | D:8      | Found a shimmering altar of Xom.
  5573 | D:8      | Found a glowing silver altar of Zin.
  5757 | D:8      | Noticed Grum
  5770 | D:8      | Killed Grum
  5770 | D:8      | Reached XP level 10. HP: 74/86 MP: 11/11
  6381 | D:8      | Reached skill level 14 in Axes
  6475 | D:8      | Noticed a two-headed ogre
  6482 | D:8      | Killed a two-headed ogre
  6868 | D:9      | Found a roughly hewn altar of Beogh.
  6888 | D:9      | Found a staircase to the Orcish Mines.
  7497 | D:9      | Found an opulent altar of Gozag.
  7501 | D:9      | Found a sparkling altar of Nemelex Xobeh.
  7504 | D:9      | Found a stormy altar of Qazlal.
  7691 | D:10     | Entered Level 10 of the Dungeon
  7793 | D:10     | Noticed Fannar
  7811 | D:10     | Killed Fannar
  7811 | D:10     | Reached skill level 15 in Axes
  7870 | D:10     | Noticed Erica
  7880 | D:10     | Killed Erica
  7880 | D:10     | Reached XP level 11. HP: 95/97 MP: 12/12
  8227 | D:10     | Noticed Sonja
  9082 | D:11     | Found Oguydaez's Assorted Antiques.
  9086 | D:11     | Bought a lumpy emerald amulet for 150 gold pieces
  9086 | D:11     | Bought a scroll labeled QARPHU CAWKIJ BEATS for 30 gold pieces
  9086 | D:11     | Bought a scroll labeled XAGYTIAXONI for 30 gold pieces
  9251 | D:11     | Received a gift from Trog
  9256 | D:11     | Reached skill level 10 in Fighting
  9476 | D:11     | Found a staircase to the Lair.
  9741 | D:11     | Noticed Maurice
  9754 | D:11     | Killed Maurice
  9867 | D:11     | Killed an unseen horror
  9867 | D:11     | Reached skill level 16 in Axes
  9944 | D:11     | Noticed a two-headed ogre
  9948 | D:11     | Killed a two-headed ogre
  9948 | D:11     | Reached skill level 10 in Armour
 10389 | Lair:1   | Entered Level 1 of the Lair of Beasts
 10881 | Lair:1   | Got a brightly glowing trident
 10882 | Lair:1   | Identified the +4 trident "Ficlutast" {antimagic, rC+ MP+9 Int+4} (You found it on level 1 of the Lair of Beasts)
 11116 | Lair:1   | Reached skill level 1 in Polearms
 11933 | Lair:2   | Found a staircase to the Snake Pit.
 11940 | Lair:2   | Noticed Nergalle
 11945 | Lair:2   | Noticed a spectral orc warlord
 11961 | Lair:2   | Killed Nergalle
 12064 | Lair:2   | Found a burning altar of Makhleb.
 12256 | Lair:2   | Reached XP level 12. HP: 97/108 MP: 13/13
 12611 | Lair:2   | Noticed a seven-headed hydra
 12612 | Lair:2   | Noticed a minotaur
 12612 | Lair:2   | a seven-headed hydra changed into a minotaur
 12622 | Lair:2   | Killed a minotaur
 13033 | Lair:3   | Noticed Harold
 13056 | Lair:3   | Killed Harold
 13161 | Lair:3   | Noticed an eight-headed hydra
 13166 | Lair:3   | Noticed an emperor scorpion
 13166 | Lair:3   | an eight-headed hydra changed into an emperor scorpion
 13200 | Lair:3   | Killed an emperor scorpion
 13757 | Lair:3   | Received a gift from Trog
 14225 | Lair:3   | Identified a scroll of acquirement
 14228 | Lair:3   | Got an encrusted plate armour
 14239 | Lair:3   | Identified the +1 plate armour of Untruth {*Drain +Fly Slay+2} (You acquired it on level 3 of the Lair of Beasts)
 14346 | Lair:3   | Noticed a seven-headed hydra
 14352 | Lair:3   | Noticed an alligator
 14352 | Lair:3   | a seven-headed hydra changed into an alligator
 14355 | Lair:3   | Killed an alligator
 14444 | Lair:3   | Got a warped whip
 14447 | Lair:3   | Identified the +3 whip of Articulation {protect, rPois MR+} (You found it on level 3 of the Lair of Beasts)
 14732 | Lair:4   | Reached XP level 13. HP: 102/123 MP: 14/14
 14948 | Lair:4   | Reached skill level 17 in Axes
 15495 | Lair:4   | Found a staircase to the Swamp.
 16451 | Lair:5   | Found a viscous altar of Jiyva.
 16452 | Lair:5   | Found a staircase to the Slime Pits.
 16885 | Lair:6   | Entered Level 6 of the Lair of Beasts
 16898 | Lair:6   | Reached skill level 18 in Axes
 17775 | Lair:6   | Reached skill level 15 in Fighting
 18161 | Lair:6   | Reached XP level 14. HP: 135/135 MP: 15/15
 18287 | Lair:6   | Got a warped leather armour
 18288 | Lair:6   | Identified the +3 leather armour of Insecurity {+Inv Int+3} (You found it on level 6 of the Lair of Beasts)
 18614 | Lair:6   | Reached skill level 19 in Axes
 19258 | D:11     | Bought a polished plate armour for 840 gold pieces
 19258 | D:11     | Identified the +4 plate armour "Kemuolad" {rPois Str+4 Int+4} (You bought it in a shop on level 11 of the Dungeon)
 19325 | Orc:1    | Entered Level 1 of the Orcish Mines
 19336 | Orc:1    | Received a gift from Trog
 19745 | Orc:2    | Entered Level 2 of the Orcish Mines
 19770 | Orc:2    | Found a staircase to the Elven Halls.
 19981 | Orc:2    | Found Xoem's Food Emporium.
 20040 | Orc:2    | Noticed an orc warlord
 20059 | Orc:2    | Killed an orc warlord
 20066 | Orc:2    | HP: 2/136 [orc knight/great mace (20)]
 20729 | Orc:2    | Received a gift from Trog
 20941 | Orc:2    | Found Vudoh's Antique Armour Boutique.
 20942 | Orc:2    | Found Ezidwy's Antique Weapon Shop.
 20943 | Orc:2    | Found Nuokum Ewken's General Store.
 20943 | Orc:2    | Found Elagea's Jewellery Boutique.
 20961 | Orc:2    | Bought a twisted battleaxe for 356 gold pieces
 20962 | Orc:2    | Bought a pair of spiked gloves for 228 gold pieces
 20972 | Orc:2    | Identified the +1 pair of gloves "Miner" {rF+ SInv Stlth+} (You bought it in a shop on level 2 of the Orcish Mines)
 20973 | Orc:2    | Identified the +7 battleaxe "Kompenif" {protect, Str+3} (You bought it in a shop on level 2 of the Orcish Mines)
 21396 | D:12     | Reached skill level 20 in Axes
 21429 | D:12     | Paralysed by a hornet for 3 turns
 21718 | D:13     | Noticed Azrael
 21728 | D:13     | Killed Azrael
 21855 | D:13     | Received a gift from Trog
 22349 | D:13     | Reached XP level 15. HP: 129/144 MP: 16/16
 22838 | D:13     | Found a roughly hewn altar of Beogh.
 23055 | D:13     | Reached skill level 15 in Armour
 23080 | D:14     | Received a gift from Trog
 23541 | D:14     | Found a gate to the Vaults.
 23557 | D:14     | Paralysed by a wizard for 7 turns
 23566 | D:14     | Received a gift from Trog
 23690 | D:14     | Found Racweasy's Antique Weapon Shoppe.
 24076 | Swamp:1  | Entered Level 1 of the Swamp
 24083 | Swamp:1  | Reached skill level 21 in Axes
 25469 | Swamp:2  | Reached ****** piety under Trog
 25517 | Swamp:2  | Received a gift from Trog
 26423 | Swamp:3  | Noticed Roxanne
 26450 | Swamp:3  | Killed Roxanne
 26681 | Swamp:3  | Reached XP level 16. HP: 139/155 MP: 17/17
 27036 | Swamp:3  | Noticed a thorn hunter
 27050 | Swamp:3  | Killed a thorn hunter
 27458 | Swamp:4  | Entered Level 4 of the Swamp
 27463 | Swamp:4  | Noticed a thorn hunter
 27697 | Swamp:4  | Reached skill level 22 in Axes
 27780 | Swamp:4  | Noticed Aizul
 27792 | Swamp:4  | Killed Aizul
 27816 | Swamp:3  | Killed a thorn hunter
 27961 | Swamp:4  | Received a gift from Trog
 28156 | Swamp:4  | Received a gift from Trog
 28255 | Swamp:3  | Noticed a thorn hunter
 28273 | Swamp:3  | Killed a thorn hunter
 28285 | Swamp:3  | Noticed a thorn hunter
 28290 | Swamp:3  | HP: 7/157 [thorn hunter/volley of thorns (12)]
 28294 | Swamp:3  | Killed from afar by a thorn hunter

Vault maps used:
D:1:      arrival_aquarium_b
D:2:      minmay_roachtagon, old_standard_altar
D:3:      chequers_ecumenical_altar_simple_redux, uniq_jessica
D:4:      kennysheep_generic_room_12
D:5:      marbit_many_paths, first_bread, doesnt_xom_only_xom, uniq_pikel,
          uniq_eustachio
D:6:      old_forge, lemuel_crystal_altar, minmay_temple_entry_crystal_x,
          serial_co_window_serial, co_window_paths_b, co_window_paths_a,
          co_window_corner_a, co_window_corner_a, co_window_paths_b,
          co_window_corner_b, co_window_corner_b, co_window_unsneaky_path_e,
          co_window_paths_c, co_window_paths_e, uniq_crazy_yiuf_cottage,
          uniq_prince_ribbit1
D:7:      kennysheep_mini, uniq_menkaure
D:8:      grunt_temple_overflow_order_and_chaos_1, uniq_grum
D:9:      minitemple, david_orc_5, grunt_ministairs_14
D:10:     uniq_sonja, uniq_fannar, uniq_erica
D:11:     minmay_lair_entry_lava, serial_shops, shop, uniq_maurice
D:13:     hangedman_stone_soup, david_defended_altar_orc, uniq_azrael
D:14:     grunt_vaults_entry_tiered, serial_shops, shop, minmay_strange_pillars,
          minmay_misc_feat_secret_circle
Lair:1:   minivault_11
Lair:2:   dummy_snake_entry, basic_altar, lemuel_fruit_fields, uniq_nergalle
Lair:3:   minmay_guarded_unrand_snakebite, uniq_harold
Lair:4:   minmay_swamp_entry_worms
Lair:5:   slime_altar_1
Lair:6:   grunt_lair_end_beastmaster, kennysheep_rathole, grunt_megastairs_3
Swamp:1:  nicolae_swamp_trees_clearing
Swamp:2:  evilmike_swamp_ruin_wall, swamp_pool1, infiniplex_staircase_pool_2
Swamp:3:  hangedman_swamp_ruin_hall, uniq_roxanne
Swamp:4:  swamp_alternative, uniq_aizul
Orc:2:    st_orc_congregation, serial_shops, shop_coins

Skill      XL: |  1  2  3  4  5  6  7  8  9 10 11 12 13 14 15 16 |
---------------+-------------------------------------------------+-----
Axes           | 4 5 7 8 9 10 11 13 15 16 18 20 21 22 | 22.3
Evocations     | 3 |  3.3
Fighting       | 5 7 9 10 13 15 16 17 | 17.9
Armour         | 5 7 8 10 12 13 14 16 | 16.4
Polearms       | 4 |  4.2
Dodging        | 3 |  3.2

Action                   |  1- 3 |  4- 6 |  7- 9 | 10-12 | 13-15 | 16-18 || total
-------------------------+-------+-------+-------+-------+-------+-------++-------
Melee: Hand axe          |    76 |   110 |   320 |    33 |       |       ||   539
       Headbutt          |     5 |    22 |    71 |   140 |   202 |    55 ||   495
       War axe           |       |       |       |   422 |       |       ||   422
       Trident           |       |       |       |    83 |       |       ||    83
       Broad axe         |       |       |       |    38 |       |       ||    38
       Executioner's axe |       |       |       |    50 |   329 |    33 ||   412
       Whip              |       |       |       |       |    52 |    40 ||    92
       Battleaxe         |       |       |       |       |   455 |    78 ||   533
Invok: Berserk           |     4 |     5 |    12 |    12 |    12 |     5 ||    50
       Trog's Hand       |       |       |     1 |     6 |     8 |     2 ||    17
       Burn Spellbooks   |       |       |     1 |     1 |     4 |       ||     6
       Brothers in Arms  |       |       |       |     4 |     7 |     1 ||    12
Evoke: Wand              |       |       |       |     8 |     6 |       ||    14
  Use: Potion            |     5 |     7 |     1 |     3 |     5 |     1 ||    22
       Scroll            |       |    11 |     6 |    10 |     5 |       ||    32
 Stab: Petrified         |       |       |       |       |     1 |       ||     1
       Confused          |       |       |       |       |     1 |       ||     1
  Eat: Meat ration       |     1 |       |       |     1 |       |       ||     2
       Chunk             |       |     7 |    22 |    38 |    47 |     2 ||   116
       Royal jelly       |       |       |       |     1 |     1 |       ||     2
       Bread ration      |       |       |       |       |     1 |     2 ||     3
       Fruit             |       |       |       |       |     1 |       ||     1
Armor: Animal skin       |    18 |       |       |       |       |       ||    18
       Ring mail         |    15 |    33 |       |       |       |       ||    48
       Chain mail        |       |    13 |   105 |       |       |       ||   118
       Plate armour      |       |       |     7 |   407 |   669 |   184 ||  1267
Dodge: Dodged            |    49 |    54 |    99 |   152 |   343 |    89 ||   786
Block: Buckler           |       |    24 |    49 |   153 |       |       ||   226
       Reflection        |       |       |       |     3 |       |       ||     3
       Other             |       |       |       |     4 |    68 |    13 ||    85
